 Dungeon Crawl Stone Soup version 0.25-a0-566-g062765be81 (webtiles) character file.

Game seed: 9019111684734221930, levelgen mode: classic

254256 EnegeticOcto the Pandemonic (level 18, -8/210 HPs)
             Began as a Deep Dwarf Fighter on Feb 27, 2020.
             Was a High Priest of Makhleb.
             Killed from afar by Jory (80 damage)
             ... with a crystal spear
             ... on level 5 of the Depths.
             The game lasted 00:19:18 (17142 turns).

EnegeticOcto the Pandemonic (Deep Dwarf Fighter)   Turns: 17142, Time: 00:19:19

Health: -8/210     AC: 30    Str: 26 (27) XL:     18   Next: 52%
Magic:  3/3        EV: 13    Int: 10      God:    Makhleb [*****.]
Gold:   1854       SH: 21    Dex: 10      Spells: 17/17 levels left

rFire    + . .     SeeInvis .   J - +8 war axe of Forced Transition {flame, rF+}
rCold    + . .     Gourm    .   B - +0 tower shield {reflect}
rNeg     + . .     Faith    .   X - +3 plate armour {rC+}
rPois    +         Spirit   .   (no helmet)
rElec    .         Reflect  +   A - +2 cloak
rCorr    .         Harm     +   (no gloves)
MR       ++...                  c - +2 pair of boots
Stlth    ..........             q - amulet of harm
HPRegen  0.00/turn              h - +3 ring of protection
MPRegen  0.08/turn              I - +4 ring of evasion

@: non-regenerating
A: damage resistance, heal wounds, rugged brown scales 1, clumsy 1,
deterioration 1, negative energy resistance 1, sense surroundings 3, poison
resistance, robust 1, no potion heal 1, no regeneration
}: 3/15 runes: serpentine, barnacled, slimy
a: Heal Wounds, Minor Destruction, Lesser Servant of Makhleb, Major Destruction,
Greater Servant of Makhleb, Renounce Religion


You were on level 5 of the Depths.
You worshipped Makhleb.
Makhleb was extremely pleased with you.
You were not hungry.

You visited 7 branches of the dungeon, and saw 40 of its levels.
You also visited: Bailey.

You collected 1964 gold pieces.
You spent 110 gold pieces at shops.

Inventory:

Hand Weapons
 a - a +1 vorpal broad axe
 J - the +8 war axe of Forced Transition (weapon) {flame, rF+}
   (You took it off a centaur warrior on level 12 of the Dungeon)

   It has been specially enchanted to burn those struck by it, causing extra
   injury to most foes and up to half again as much damage against particularly
   susceptible opponents.
   Big, fiery blades are also staple armaments of hydra-hunters.
   It protects you from fire.
Missiles
 d - 3 throwing nets (quivered)
Armour
 c - a +2 pair of boots (worn)
 A - a +2 cloak (worn)
 B - a +0 tower shield of reflection (worn)
 X - a +3 plate armour of cold resistance (worn)
Jewellery
 h - a +3 ring of protection (left hand)
 q - an amulet of harm (around neck)
 E - an uncursed ring of protection from fire
 G - an uncursed ring of resist corrosion
 I - a +4 ring of evasion (right hand)
Wands
 b - a wand of digging (10) {@v2}
 i - a wand of scattershot (14)
 s - a wand of polymorph (22)
 y - a wand of flame (88)
 Q - a wand of paralysis (5)
Scrolls
 g - 8 scrolls of identify {@r1}
 l - 7 scrolls of fog
 o - 11 scrolls of remove curse {@r6}
 t - 11 scrolls of teleportation {@r2}
 u - 6 scrolls of immolation {@r4}
 w - 5 scrolls of enchant armour
 K - a scroll of brand weapon
 L - 2 scrolls of enchant weapon
 M - 5 scrolls of magic mapping {@r5}
 N - a scroll of silence
 R - a scroll of torment
 U - 2 scrolls of summoning
 W - a scroll of vulnerability
Potions
 j - 3 potions of stabbing {@q5}
 k - a potion of might {@q3}
 m - 2 potions of resistance {@q6}
 n - 2 potions of haste {@q4}
 p - 7 potions of curing {@q1}
 r - a potion of mutation
 v - 5 potions of flight
 z - 3 potions of ambrosia
 F - 2 potions of berserk rage
 H - a potion of invisibility
 V - a potion of lignification {@q7}
Miscellaneous
 C - a phantom mirror
 P - a lamp of fire
Comestibles
 e - 27 rations
 f - 26 chunks of flesh


   Skills:
 * Level 17.3 Fighting
 * Level 17.5 Axes
 + Level 13.2 Armour
 - Level 7.0 Dodging
 * Level 16.6 Shields
 * Level 17.7 Invocations


You had 17 spell levels left.
You didn't know any spells.
Your spell library was empty.

Dungeon Overview and Level Annotations

Branches:
Dungeon (15/15)            Temple (1/1) D:6            Lair (6/6) D:11
 Shoals (4/4) Lair:4        Snake (4/4) Lair:3        Slime (5/5) Lair:6
    Orc (0/2) D:10         Depths (5/5) D:15         Bailey (visited)
 Vaults: D:13-14        Zot: Depths:5

Altars:
Ashenzari
Cheibriados
Dithmenos
Elyvilon
Fedhas
Gozag
Hepliaklqana
Kikubaaqudgha
Makhleb
Nemelex Xobeh
Okawaru
Qazlal
Ru
Sif Muna
Trog
Uskayaw
Vehumet
Wu Jian
Xom
Yredelemnul
Zin
The Shining One
Jiyva

Shops:
D:10 [   Shoals:4 (

Portals:
Hell: Depths:3
Abyss: Depths:4
Ziggurat: Depths:4

Annotations:
D:7 2 transporters, sixsigma's ghost, novice MiFi
Depths:5 Jory; the Enchantress


Innate Abilities, Weirdness & Mutations

You are resistant to damage.
You can heal yourself by infusing magical energy.
You resist negative energy. (rN+)
You passively map a large area around you.
You do not regenerate.
You are partially covered in rugged brown scales. (AC +1, +3% HP)
You are clumsy. (Dex -2)
Your body sometimes deteriorates upon taking damage.
Your system is resistant to poisons. (rPois)
You are robust. (+10% HP)
Potions are less effective at restoring your health.


Message History

You block the spriggan defender's attack.
The spriggan defender hits you but does no damage.
The spriggan defender is engulfed in noxious fumes.
The spriggan defender appears confused.
You feel much better.
The spriggan is engulfed in noxious fumes.
The spriggan barely misses the spriggan defender.
The spriggan defender is engulfed in noxious fumes.
The spriggan defender hits you but does no damage.
The spriggan is engulfed in noxious fumes.
The spriggan hits the spriggan defender with a +0 short sword.
Something hits you!!
Your body deteriorates!
You feel weakened. Something bites you.
The spriggan defender is engulfed in noxious fumes.
The spriggan defender hits the spriggan with a +0 flail of pain!!
The spriggan writhes in agony!
The spriggan is killed!
Makhleb accepts your kill.
You block the spriggan defender's attack.
The spriggan air mage is engulfed in noxious fumes.
The spriggan air mage appears confused.
A demon appears!
The spriggan defender is engulfed in noxious fumes.
The spriggan defender appears confused.
The spriggan defender hits you with a +2 rapier of speed!
* * * LOW HITPOINT WARNING * * *
The spriggan defender is engulfed in noxious fumes.
The spriggan defender appears confused.
You block the spriggan defender's attack.
The spriggan is engulfed in noxious fumes.
The spriggan appears confused.
The spriggan completely misses the spriggan defender.
The spriggan hits itself with a +0 short sword.
The spriggan air mage hits you but does no damage.
You block the spriggan defender's attack.
The spriggan defender is engulfed in noxious fumes.
The spriggan defender misses you.
The spriggan air mage is engulfed in noxious fumes.
The spriggan air mage appears confused.
Something blocks the spriggan air mage's attack.
Something hits the spriggan defender.
Something drains the spriggan defender.
You hear some strange, mumbled words.
A crystal spear appears from out of thin air!
The crystal spear hits you!
* * * LOW HITPOINT WARNING * * *
You feel much better.
The spriggan defender is engulfed in noxious fumes.
The spriggan defender hits something with a +0 flail of pain!!
The spriggan defender hits you with a +4 flail of protection.
* * * LOW HITPOINT WARNING * * *
The spriggan defender is engulfed in noxious fumes.
The spriggan defender hits the spriggan defender with a +2 rapier of speed!
The spriggan air mage hits you.
* * * LOW HITPOINT WARNING * * *
Something hits the spriggan defender!
Something drains the spriggan defender.
The spriggan air mage is engulfed in noxious fumes.
The spriggan defender is engulfed in noxious fumes.
The spriggan defender hits the spriggan defender with a +2 rapier of speed.
You block something's attack. Something bites you but does no damage.
The spriggan defender is engulfed in noxious fumes.
The spriggan defender hits the spriggan defender with a +0 flail of pain!
The spriggan defender writhes in agony!
You block the spriggan defender's attack.
The spriggan air mage is engulfed in noxious fumes.
The spriggan air mage appears confused.
The spriggan air mage hits something but does no damage.
Your blizzard demon completely misses the spriggan air mage.
Your blizzard demon barely misses the spriggan air mage.
Your magical essence is drained by the effort!
You feel much better.
The spriggan defender is engulfed in noxious fumes.
You block the spriggan defender's attack.
Something barely misses the spriggan defender.
The spriggan is engulfed in noxious fumes.
The spriggan appears confused.
The spriggan hits the spriggan defender with a +0 short sword.
The spriggan air mage hits you but does no damage.
The spriggan defender is engulfed in noxious fumes.
The spriggan defender appears confused.
The spriggan defender hits you with a +0 flail of pain!!
* * * LOW HITPOINT WARNING * * *
The spriggan defender hits you with a +4 flail of protection!
* * * LOW HITPOINT WARNING * * *
The spriggan defender is engulfed in noxious fumes.
The spriggan defender appears confused.
The spriggan defender hits the spriggan defender with a +2 rapier of speed!
The spriggan defender is killed!
Makhleb accepts your kill.
You feel better.
The spriggan air mage is engulfed in noxious fumes.
The spriggan air mage appears confused.
The spriggan air mage hits something but does no damage.
Your blizzard demon gestures at the spriggan air mage.
The bolt of lightning misses the spriggan air mage.
The bolt of lightning hits the spriggan defender!!
You hear some strange, mumbled words.
A crystal spear appears from out of thin air!
The crystal spear hits you!!!
You die...

########.......#
##≈≈.P≈#........##
#≈PP≈P.P.........##
#.P≈≈≈P≈P.........#
#P≈≈♣≈≈PP.........#
PP≈≈♣≈♣PP........##
≈≈≈≈♣♣♣≈≈......2.#
P≈♣♣P♣≈≈≈......i.# *
** P♣PPPP≈≈≈P≈....{@#*
, ♣≈PP.PP♣♣P≈....i§ii#
* ≈≈≈...≈≈≈PP.....i§§#
,
≈.P..#≈.≈≈P......§i§#*
,,
≈≈#.###≈≈P........§§§.
** PP..# *
≈♣P##...#.....# ...###
≈≈ ##.# ###..#
P....##≈ #. #.# ,, ,
......## * , , *


You could see 2 spriggan defenders, 2 spriggan air magi, 2 spriggans and a
friendly blizzard demon.

Vanquished Creatures
  the Royal Jelly (Slime:5)
  11 acid blobs
  A tengu reaver (Depths:2)
  An azure jelly (Slime:5)
  2 frost giants
  6 nagarajas
  A fire giant (Depths:2)
  The ghost of Bodu the Basher, a journeyman NaFi of Ashenzari (Lair:5)
  5 stone giants
  2 spriggan defenders (Depths:5)
  10 very ugly things
  2 vampire knights
  A deep elf demonologist (Depths:5)
  5 spark wasps
  A dire elephant (Lair:6)
  4 ettins
  3 death oozes
  4 merfolk impalers (Shoals:4)
  A fire dragon (Depths:2)
  3 jiangshi (Depths:3)
  Josephine (D:11)
  2 merfolk javelineers (Shoals:4)
  An ogre mage (Depths:3)
  A deep elf high priest (Depths:5)
  2 hydras
  A catoblepas (Lair:6)
  4 ice dragons
  6 naga warriors
  3 great orbs of eyes
  3 centaur warriors
  2 spriggan air magi
  2 merfolk avatars (Shoals:4)
  6 anacondas
  An alligator snapping turtle (Shoals:3)
  4 two-headed ogres
  Erica (D:8)
  18 death yaks
  A merfolk aquamancer (Shoals:3)
  A satyr (Shoals:3)
  6 deep troll shamans
  A tengu warrior (Depths:3)
  A vampire mage (Depths:3)
  3 naga sharpshooters (Snake:4)
  3 deep troll earth magi
  A deep elf knight (Depths:5)
  2 spriggan berserkers (Depths:5)
  2 shock serpents
  5 hell knights
  A salamander mystic (Snake:3)
  An iron troll (Depths:2)
  11 sea snakes
  An unseen horror (D:10)
  A tengu zombie (Depths:3)
  6 deep trolls
  A flayed ghost (Depths:1)
  2 phantasmal warriors (Depths:2)
  3 glowing orange brains
  2 naga ritualists (Snake:4)
  A deep elf mage (D:14)
  9 harpies
  A necromancer (Depths:3)
  13 ugly things
  2 fauns (Shoals:3)
  A shining eye (Lair:6)
  6 manticores
  A fire giant zombie (Depths:1)
  2 salamanders (Snake:3)
  A cyclops (D:12)
  4 merfolk sirens
  A black mamba (shapeshifter) (D:13)
  3 guardian serpents
  2 naga magi
  3 water nymphs
  A frost giant skeleton (Depths:3)
  A storm dragon simulacrum (Depths:3)
  7 elephants (Lair:6)
  12 black mambas
  A molten gargoyle (Lair:1)
  8 spiny frogs
  5 yaktaurs
  5 eyes of devastation
  2 rime drakes
  A spiny frog (shapeshifter) (D:14)
  3 komodo dragons
  A freezing wraith (D:14)
  A spriggan skeleton (Depths:1)
  6 merfolk (Shoals:4)
  4 wind drakes (Shoals:4)
  6 polar bears
  4 trolls
  3 meliai (D:14)
  Prince Ribbit (D:7)
  An ettin zombie (Depths:1)
  2 hornets (Depths:5)
  13 blink frogs
  29 slime creatures
  A stone giant simulacrum (Depths:1)
  A hippogriff (shapeshifter) (D:13)
  7 dream sheep (Lair:3)
  4 snapping turtles
  11 hippogriffs
  5 spriggans (Depths:5)
  5 wraiths (D:11)
  A frost giant simulacrum (Depths:1)
  2 shadows (D:12)
  A tarantella (shapeshifter) (Depths:1)
  Sigmund (D:3)
  2 wyverns
  A fire elemental (Depths:1)
  6 water elementals
  26 yaks
  Grum (D:11)
  3 hungry ghosts
  7 basilisks
  Menkaure (D:5)
  14 nagas
  A soldier ant (shapeshifter) (Depths:1)
  A floating eye (Slime:4)
  12 water moccasins
  2 porcupines
  4 black bears
  4 sky beasts
  7 orc warriors
  3 ice beasts
  2 phantoms
  2 eyes of draining
  13 wolves
  14 ogres
  11 centaurs
  6 crocodiles
  A big kobold (D:11)
  A gnoll sergeant (D:8)
  9 bullfrogs
  A glowing shapeshifter simulacrum (Depths:3)
  A human simulacrum (Depths:3)
  4 scorpions
  40 killer bees (Lair:1)
  9 wights
  8 howler monkeys
  4 crimson imps
  2 centaur skeletons
  7 hounds
  6 jellies
  9 orc wizards
  10 orc priests
  Crazy Yiuf (D:7)
  A gnoll shaman (D:4)
  3 iguanas
  10 worker ants
  A hound zombie (D:5)
  A worker ant zombie (D:9)
  3 howler monkey skeletons
  17 gnolls
  10 river rats (D:5)
  8 adders
  3 shadow imps
  2 oozes (D:2)
  3 adder skeletons
  3 worms
  2 dart slugs
  6 leopard geckos
  44 orcs
  4 ball pythons
  2 giant cockroaches
  9 goblins
  8 hobgoblins
  10 jackals
  9 quokkas
  A bat (D:2)
  A frilled lizard (D:4)
  A jackal skeleton (D:5)
  7 kobolds
  A quokka skeleton (D:6)
  27 rats
  3 fungi
  A plant (Lair:4)
841 creatures vanquished.

Vanquished Creatures (collateral kills)
  5 acid blobs (Slime:5)
  5 nagarajas (Snake:4)
  A stone giant (Depths:1)
  An ettin (D:15)
  2 naga warriors (Snake:4)
  2 anacondas (Snake:4)
  2 two-headed ogres (Depths:1)
  2 ogre magi (Depths:1)
  3 naga sharpshooters (Snake:4)
  A shock serpent (Snake:4)
  2 sea snakes (Snake:4)
  A necromancer (Depths:1)
  An orc knight (Bailey)
  An ugly thing (Depths:3)
  4 guardian serpents
  2 black mambas (Snake:4)
  3 naga magi (Snake:4)
  A tengu conjurer (Depths:1)
  A slime creature (Depths:1)
  13 nagas (Snake:4)
  An orc warrior (Bailey)
  An ogre (Depths:1)
55 creatures vanquished.

Vanquished Creatures (others)
  Nessos (Lair:6)
  A spriggan berserker (Depths:5)
  A necromancer (Depths:3)
  2 elephants (Lair:6)
  2 yaktaurs (Depths:3)
  A hornet (Depths:5)
  2 nagas
  2 orc warriors (Bailey)
  4 centaurs
  An electric eel (D:13)
  6 orcs (Bailey)
  16 fungi
  7 plants
46 creatures vanquished.

Grand Total: 942 creatures vanquished

Notes
Turn   | Place    | Note
-------+----------+-------------------------------------------
     0 | D:1      | EnegeticOcto the Deep Dwarf Fighter began the quest for the
                  | Orb.
     0 | D:1      | Reached XP level 1. HP: 20/20 MP: 1/1
   130 | D:1      | Reached XP level 2. HP: 20/27 MP: 2/2
   218 | D:2      | Reached XP level 3. HP: 20/34 MP: 3/3
   392 | D:3      | Reached skill level 1 in Dodging
   392 | D:3      | Reached XP level 4. HP: 42/42 MP: 4/4
   399 | D:3      | Noticed Sigmund
   444 | D:3      | Killed Sigmund
   444 | D:3      | Reached XP level 5. HP: 48/50 MP: 4/4
   810 | D:4      | Reached XP level 6. HP: 46/57 MP: 5/5
   911 | D:4      | Found an ancient bone altar of Kikubaaqudgha.
  1594 | D:5      | Entered Level 5 of the Dungeon
  1602 | D:5      | Reached XP level 7. HP: 54/66 MP: 6/6
  1653 | D:5      | Reached skill level 5 in Axes
  1778 | D:5      | Reached skill level 5 in Fighting
  1867 | D:5      | Noticed Menkaure
  1889 | D:5      | Killed Menkaure
  1889 | D:5      | Reached skill level 5 in Shields
  1889 | D:5      | Reached XP level 8. HP: 48/74 MP: 6/6
  1987 | D:5      | Reached skill level 5 in Armour
  2763 | D:6      | Found a staircase to the Ecumenical Temple.
  2776 | Temple   | Entered the Ecumenical Temple
  3157 | D:2      | Found a burning altar of Makhleb.
  3174 | D:2      | Became a worshipper of Makhleb the Destroyer
  3344 | D:6      | Reached skill level 1 in Invocations
  3502 | D:6      | Gained mutation: You passively map the area around you.
                  | [Deep Dwarf growth]
  3502 | D:6      | Reached XP level 9. HP: 63/84 MP: 3/5
  3752 | D:7      | Found a transporter.
  3767 | D:7      | Found a transporter.
  3771 | D:7      | Noticed sixsigma's ghost (novice MiFi)
  3819 | D:7      | Noticed Prince Ribbit
  3833 | D:7      | Killed Prince Ribbit
  3892 | D:7      | Reached * piety under Makhleb
  3933 | D:7      | Reached skill level 5 in Dodging
  4349 | D:7      | Found a runed translucent door.
  4350 | D:7      | Noticed Crazy Yiuf
  4355 | D:7      | Killed Crazy Yiuf
  4415 | D:8      | Noticed Erica
  4435 | D:8      | Killed Erica
  4435 | D:8      | Reached skill level 5 in Invocations
  4571 | D:8      | Reached XP level 10. HP: 75/94 MP: 9/9
  4600 | D:8      | Found a shimmering blue altar of Sif Muna.
  4661 | D:8      | Reached ** piety under Makhleb
  5214 | D:9      | Found an iron altar of Okawaru.
  5328 | D:9      | Noticed a two-headed ogre
  5347 | D:9      | Killed a two-headed ogre
  5448 | D:9      | Found a shimmering altar of Xom.
  5589 | D:9      | Reached *** piety under Makhleb
  5603 | D:9      | Found a radiant altar of Vehumet.
  5690 | D:10     | Entered Level 10 of the Dungeon
  5787 | D:10     | Found a staircase to the Orcish Mines.
  5996 | D:10     | Killed an unseen horror
  5996 | D:10     | Reached XP level 11. HP: 92/104 MP: 9/9
  6166 | D:10     | Found Lukh's Armour Shop.
  6186 | D:10     | Bought a +0 tower shield of reflection for 110 gold pieces
  6524 | D:11     | Reached **** piety under Makhleb
  6630 | D:11     | Noticed Josephine
  6654 | D:11     | Killed Josephine
  6654 | D:11     | Reached skill level 10 in Axes
  6737 | D:11     | Noticed Grum
  6751 | D:11     | Killed Grum
  6870 | D:11     | Noticed a death yak
  6870 | D:11     | Noticed a death yak
  6871 | D:11     | Found a staircase to the Lair.
  6872 | D:11     | Noticed a death yak
  6872 | D:11     | Noticed a death yak
  6872 | D:11     | Noticed a death yak
  6900 | D:11     | Killed a death yak
  6903 | D:11     | Killed a death yak
  6904 | D:11     | Killed a death yak
  6904 | D:11     | Killed a death yak
  6923 | D:11     | Killed a death yak
  7157 | D:11     | Reached skill level 10 in Invocations
  7157 | D:11     | Reached XP level 12. HP: 115/115 MP: 9/9
  7677 | D:12     | Reached ***** piety under Makhleb
  7707 | D:12     | Found a flagged portal.
  7716 | Bailey   | Entered a bailey
  7964 | D:12     | Reached skill level 10 in Fighting
  8116 | D:12     | Identified the +8 war axe of Forced Transition {flame, rF+}
  8116 | D:12     | Noticed a centaur warrior
  8127 | D:12     | Killed a centaur warrior
  8575 | Lair:1   | Entered Level 1 of the Lair of Beasts
  8577 | Lair:1   | Noticed a four-headed hydra
  8587 | Lair:1   | Killed a one-headed hydra
  8972 | Lair:2   | Reached skill level 10 in Shields
  9075 | Lair:2   | Found a bloodstained altar of Trog.
  9469 | Lair:3   | Reached XP level 13. HP: 125/127 MP: 9/9
  9497 | Lair:3   | Found a staircase to the Snake Pit.
  9524 | Lair:3   | Reached ****** piety under Makhleb
 10362 | Lair:4   | Found a staircase to the Shoals.
 11279 | Lair:5   | Found a runed translucent door.
 11282 | Lair:5   | Got a slimy iron ring
 11285 | Lair:5   | Noticed Bodu's ghost (journeyman NaFi)
 11311 | Lair:5   | Identified the ring "Joshu" {*Tele rPois MP+9} (You found
                  | it on level 5 of the Lair of Beasts)
 11657 | Lair:5   | Paralysed by fainting for 10 turns
 11771 | Lair:5   | Killed Bodu's ghost
 11811 | Lair:6   | Entered Level 6 of the Lair of Beasts
 11811 | Lair:6   | Noticed Nessos
 11819 | Lair:6   | Killed Nessos
 11860 | Lair:6   | Reached skill level 10 in Armour
 12045 | Lair:6   | Gained mutation: You resist negative energy. (rN+) [Deep
                  | Dwarf growth]
 12045 | Lair:6   | Reached XP level 14. HP: 134/141 MP: 11/11
 12402 | Lair:6   | Found a staircase to the Slime Pits.
 12804 | Lair:6   | Gained mutation: You are partially covered in rugged brown
                  | scales. (AC +1, +3% HP) [potion of mutation]
 12804 | Lair:6   | Gained mutation: You have sharp toenails. [potion of
                  | mutation]
 12804 | Lair:6   | Gained mutation: Your spells are a little harder to cast,
                  | but a little more powerful. [potion of mutation]
 12874 | Shoals:1 | Entered Level 1 of the Shoals
 13091 | Shoals:4 | Entered Level 4 of the Shoals
 13204 | Shoals:4 | Found Poyj's Weapon Shoppe.
 13350 | Shoals:4 | Identified the +8 dagger of Magnificence {freeze, rF++}
 13550 | Shoals:4 | Noticed a frost giant
 13561 | Shoals:4 | Reached XP level 15. HP: 149/156 MP: 9/9
 13564 | Shoals:4 | Killed a frost giant
 13578 | Shoals:4 | Got a barnacled rune of Zot
 13790 | Snake:1  | Entered Level 1 of the Snake Pit
 13830 | Snake:2  | Reached skill level 15 in Fighting
 13869 | Snake:2  | Found a shimmering blue altar of Sif Muna.
 14075 | Snake:3  | Noticed a nagaraja
 14093 | Snake:3  | Killed a nagaraja
 14220 | Snake:3  | Lost mutation: You have sharp toenails. [potion of
                  | mutation]
 14220 | Snake:3  | Lost mutation: Your spells are a little harder to cast, but
                  | a little more powerful. [potion of mutation]
 14220 | Snake:3  | Gained mutation: Your body sometimes deteriorates upon
                  | taking damage. [potion of mutation]
 14220 | Snake:3  | Gained mutation: Your system is resistant to poisons.
                  | (rPois) [potion of mutation]
 14220 | Snake:3  | Gained mutation: You are robust. (+10% HP) [potion of
                  | mutation]
 14226 | Snake:4  | Entered Level 4 of the Snake Pit
 14226 | Snake:4  | Noticed a nagaraja
 14238 | Snake:4  | Killed a nagaraja
 14363 | Snake:4  | Noticed a nagaraja
 14380 | Snake:4  | Reached skill level 15 in Axes
 14389 | Snake:4  | Killed a nagaraja
 14511 | Snake:4  | Noticed a nagaraja
 14525 | Snake:4  | Killed a nagaraja
 14530 | Snake:4  | Noticed a nagaraja
 14535 | Snake:4  | Noticed a nagaraja
 14536 | Snake:4  | Killed a nagaraja
 14537 | Snake:4  | Killed a nagaraja
 14558 | Snake:4  | Noticed a nagaraja
 14567 | Snake:4  | Killed a nagaraja
 14581 | Snake:4  | Reached XP level 16. HP: 115/185 MP: 8/8
 14659 | Snake:4  | Got a serpentine rune of Zot
 15032 | Slime:1  | Entered Level 1 of the Pits of Slime
 15032 | Slime:1  | Noticed an acid blob
 15032 | Slime:1  | Noticed an acid blob
 15164 | Slime:1  | Gained mutation: You are clumsy. (Dex -2) [a shining eye]
 15167 | Lair:6   | Gained mutation: Potions are less effective at restoring
                  | your health. [a shining eye]
 15187 | Slime:1  | Killed an acid blob
 15191 | Slime:1  | Killed an acid blob
 15191 | Slime:1  | Reached skill level 15 in Invocations
 15264 | Slime:4  | Noticed an acid blob
 15269 | Slime:4  | Noticed an acid blob
 15270 | Slime:4  | Killed an acid blob
 15278 | Slime:4  | Killed an acid blob
 15300 | Slime:5  | Entered Level 5 of the Pits of Slime
 15316 | Slime:5  | Noticed an acid blob
 15331 | Slime:5  | Noticed an acid blob
 15338 | Slime:5  | Killed an acid blob
 15342 | Slime:5  | Killed an acid blob
 15361 | Slime:5  | Found a viscous altar of Jiyva.
 15362 | Slime:5  | Noticed an acid blob
 15362 | Slime:5  | Noticed the Royal Jelly
 15362 | Slime:5  | Noticed an acid blob
 15362 | Slime:5  | Noticed an acid blob
 15362 | Slime:5  | Noticed an acid blob
 15368 | Slime:5  | Noticed an acid blob
 15372 | Slime:5  | Killed an acid blob
 15376 | Slime:5  | Noticed an acid blob
 15383 | Slime:5  | Killed the Royal Jelly
 15383 | Slime:5  | Reached skill level 15 in Shields
 15383 | Slime:5  | Noticed an acid blob
 15384 | Slime:5  | Noticed an acid blob
 15385 | Slime:5  | Noticed an acid blob
 15388 | Slime:5  | Killed an acid blob
 15393 | Slime:5  | Killed an acid blob
 15396 | Slime:5  | Killed an acid blob
 15399 | Slime:5  | Killed an acid blob
 15401 | Slime:5  | Killed an acid blob
 15414 | Slime:5  | Killed an acid blob
 15419 | Slime:5  | Noticed an acid blob
 15422 | Slime:5  | Killed an acid blob
 15422 | Slime:5  | Reached XP level 17. HP: 145/196 MP: 8/8
 15494 | Slime:5  | Killed an acid blob
 15515 | Slime:5  | Killed an acid blob
 15542 | Slime:5  | Got a slimy rune of Zot
 15591 | Slime:5  | Got a transparent war axe
 15603 | Slime:5  | Identified the cursed +0 war axe "Kammoges" {vorpal,
                  | *Contam +Inv Dex+2} (You found it on level 5 of the Pits of
                  | Slime)
 16262 | D:15     | Entered Level 15 of the Dungeon
 16319 | D:15     | Found a staircase to the Depths.
 16334 | Depths:1 | Entered Level 1 of the Depths
 16705 | Depths:3 | Gained mutation: You passively map a large area around you.
                  | [Deep Dwarf growth]
 16705 | Depths:3 | Reached XP level 18. HP: 206/206 MP: 5/5
 16762 | Depths:3 | Found a gateway to Hell.
 16774 | Depths:4 | Found a one-way gate to the infinite horrors of the Abyss.
 16857 | Depths:4 | Found a gateway to a ziggurat.
 16918 | Depths:5 | Entered Level 5 of the Depths
 16936 | Depths:5 | HP: 6/207 [deep troll (29)]
 17130 | Depths:5 | Noticed the Enchantress
 17130 | Depths:5 | Noticed Jory
 17142 | Depths:5 | Killed from afar by Jory

Levels and vault maps discovered:
D:1:      minmay_arrival_jagged, layout_rooms
D:2:      layout_loops_ring, lemuel_crystal_altar, kennysheep_generic_room_13
D:3:      layout_basic, serial_forest, infiniplex_forest_straight_4,
          infiniplex_forest_straight_2, infiniplex_forest_clump_curved,
          infiniplex_forest_clump_large, infiniplex_forest_clump_small,
          infiniplex_forest_clump_double, infiniplex_forest_clump_tiny,
          chequers_mini_garden, uniq_sigmund
D:4:      layout_loops_corners, old_standard_altar
D:5:      lemuel_ratsnest, layout_basic, first_ration, gup_sewer_entry_spiral,
          st_stairs_8, uniq_menkaure
D:6:      layout_basic, minmay_temple_entry_gardened_gates
D:7:      layout_loops_cross, gammafunk_ghost_stat_death,
          kennysheep_generic_room_12, uniq_crazy_yiuf_cottage,
          uniq_prince_ribbit1
D:8:      layout_loops_ring, lemuel_round_altar, uniq_erica
D:9:      layout_big_octagon, lemuel_doored_altar, kennysheep_mini,
          okawaru_altar_gauntlet_db, grunt_ogre_cave
D:10:     kennysheep_ambush_hall, layout_irregular_city, orc_0_dummy,
          serial_shops, shop
D:11:     layout_basic, dpeg_lair_monsters, serial_rivers,
          chequers_serial_rivers_small_3, chequers_serial_rivers_room_a,
          chequers_serial_rivers_micro_a, chequers_serial_rivers_micro_b,
          chequers_serial_rivers_small_b, uniq_josephine, uniq_grum
D:12:     minmay_cut_squares, layout_basic, enter_bailey_6
D:13:     layout_roguey, david_vaults_4, lemuel_freeze_loot_1
D:14:     layout_loops_ring, minmay_misc_feat_room, drop_trap
D:15:     grunt_enter_depths_hoard, layout_layer_cave, minmay_door_square,
          basic_altar, minmay_misc_feat_more_columns, uniq_agnes
Temple:   eino_temple_rhombus
Lair:1:   wad_woods_minihive, layout_gridlike, chequers_serial_rivers_marsh,
          kb_xom_exploding_sheep, uniq_nergalle
Lair:2:   layout_chaotic_city, basic_altar
Lair:3:   layout_chaotic_city, dummy_snake_entry, cheibrodos_lair_lostbears
Lair:4:   layout_cave_pods, minmay_shoals_entry_lonely_mermaid,
          kennysheep_basilisk_garden, grunt_megastairs_2, serial_bayou_shore_b
Lair:5:   layout_gridlike, hellmonk_ghost_happy_afterlife,
          chequers_serial_rivers_micro_e, grunt_megastairs_3
Lair:6:   grunt_lair_end_beastmaster, layout_long_grid, minmay_slime_entry_eyes,
          uniq_nessos
Shoals:1: cheibrodos_shoals_oceanic_diplomacy, layout_shoals
Shoals:2: layout_shoals
Shoals:3: layout_shoals, nicolae_shoals_kraken_intersection
Shoals:4: shoals_end_grunt_ice, layout_shoals, serial_shops, shop
Snake:1:  layout_layer_cave, uniq_louise
Snake:2:  layout_concentric_octagons, basic_altar, uniq_frances
Snake:3:  layout_concentric_octagons, special_room, grunt_ministairs_2,
          statue_in_the_mist_lemuel, uniq_mara
Snake:4:  grunt_snake_rune_pools, layout_cave_town
Slime:1:  layout_caves
Slime:2:  layout_caves
Slime:3:  layout_caves, basic_altar, nicolae_slime_ancient_tower_intersection,
          cheibrodos_slime_lost_civilization_4
Slime:4:  layout_caves
Slime:5
Depths:1: layout_cave_pools, pan_entry, pf_hell_entry_great_geh,
          grunt_decor_arrowhead, minmay_alternating_orb, uniq_asterion
Depths:2: kennysheep_demon_jail, layout_small_grid, serial_shops, shop,
          grunt_hell_entry_dis_mu, kennysheep_generic_room_2, uniq_nikola
Depths:3: evilmike_iron_armoury, layout_cave_pools, pan_entry,
          minmay_fountain_box, hell_entry
Depths:4: minmay_fractal_lines_corner, layout_long_grid, enter_ziggurat_b,
          grunt_metal_band, serial_shops, shop, minmay_misc_feat_diagonals,
          abyss_entry, infiniplex_staircase_trident
Depths:5: grunt_zot_entry_alcove, layout_cave_shapes, hangedman_coc_ice_floe,
          serial_bayou_lagoon_a, minmay_the_grid_2x2 [minmay_the_grid_fan,
          minmay_the_grid_artifice, minmay_the_grid_eight,
          minmay_the_grid_prize_four_corners], uniq_enchantress, uniq_jory

Skill      XL: |  1  2  3  4  5  6  7  8  9 10 11 12 13 14 15 16 17 18 |
---------------+-------------------------------------------------------+-----
Fighting       | 3 4 5 6 7 8 9 11 13 14 15 16 17 | 17.3
Axes           | 3 4 5 7 8 9 10 12 13 14 15 16 17 | 17.5
Dodging        | 1 2 3 4 5 6 7 |  7.0
Armour         | 4 5 6 7 8 9 10 11 12 13 | 13.2
Shields        | 4 5 6 7 8 10 11 13 14 15 16 | 16.6
Invocations    | 1 5 7 10 11 12 13 14 15 17 | 17.7

Action                   |  1- 3 |  4- 6 |  7- 9 | 10-12 | 13-15 | 16-18 || total
-------------------------+-------+-------+-------+-------+-------+-------++-------
Melee: War axe           |    80 |   150 |   424 |   696 |   756 |   553 ||  2659
       Executioner's axe |       |       |       |    62 |       |       ||    62
Throw: Throwing net      |       |       |       |       |       |     1 ||     1
Invok: Lesser Servant of |       |       |       |     2 |     5 |    13 ||    20
       Greater Servant o |       |       |       |       |     3 |    13 ||    16
 Abil: Heal Wounds       |     1 |     3 |    22 |    27 |    28 |    40 ||   121
Evoke: Wand              |       |       |       |     2 |     3 |     2 ||     7
  Use: Scroll            |       |       |    14 |     8 |    14 |    15 ||    51
       Potion            |       |       |       |     1 |     4 |     7 ||    12
 Stab: Confused          |       |       |       |     1 |     1 |       ||     2
       Distracted        |       |       |       |       |     1 |     2 ||     3
       Sleeping          |       |       |       |       |       |     2 ||     2
       Held in net/web   |       |       |       |       |       |     1 ||     1
       Invisible         |       |       |       |       |       |     7 ||     7
  Eat: Chunk             |       |     3 |    10 |    23 |     5 |     1 ||    42
       Ration            |       |       |       |     2 |     4 |     2 ||     8
Armor: Plate armour      |    41 |    97 |   287 |   469 |   312 |   291 ||  1497
       Scale mail        |     5 |       |       |       |       |       ||     5
Dodge: Dodged            |    12 |    33 |   105 |   286 |   238 |   221 ||   895
Block: Kite shield       |    39 |    79 |   234 |   203 |       |       ||   555
       Tower shield      |       |       |       |   442 |   778 |   634 ||  1854
       Reflection        |       |       |       |    28 |    40 |    43 ||   111

Table legend:
 A = Non-vault XP
 B = Vault XP
 C = Vault XP percentage of total XP
 D = Non-vault monster count
 E = Vault monster count
 F = Vault count percentage of total count
                 A         B        C        D         E       F
            +---------+---------+-------+---------+---------+-------
      Total |  209654 |  125987 |  37.5 |     609 |     298 |  32.9
            +---------+---------+-------+---------+---------+-------
        D:1 |      14 |       0 |   0.0 |       7 |       0 |   0.0
        D:2 |      45 |       1 |   2.2 |      14 |       1 |   6.7
        D:3 |     115 |     208 |  64.4 |      16 |       1 |   5.9
        D:4 |     321 |       0 |   0.0 |      19 |       0 |   0.0
        D:5 |     480 |     511 |  51.6 |      14 |      45 |  76.3
        D:6 |    1115 |       0 |   0.0 |      25 |       0 |   0.0
        D:7 |     976 |     326 |  25.0 |      24 |       2 |   7.7
        D:8 |    1508 |     902 |  37.4 |      41 |       1 |   2.4
        D:9 |    2428 |     155 |   6.0 |      19 |       7 |  26.9
       D:10 |    3486 |     586 |  14.4 |      24 |       7 |  22.6
       D:11 |    3327 |    7400 |  69.0 |      31 |      17 |  35.4
       D:12 |    3744 |    1651 |  30.6 |      24 |       4 |  14.3
       D:13 |    1839 |     718 |  28.1 |      11 |       2 |  15.4
       D:14 |    3223 |       0 |   0.0 |      10 |       0 |   0.0
       D:15 |    1536 |    3922 |  71.9 |       7 |       4 |  36.4
     Lair:1 |    2297 |    2480 |  51.9 |       8 |      40 |  83.3
     Lair:2 |    1334 |       0 |   0.0 |       9 |       0 |   0.0
     Lair:3 |    6777 |     895 |  11.7 |      20 |       3 |  13.0
     Lair:4 |    2091 |    2853 |  57.7 |       8 |      12 |  60.0
     Lair:5 |    1772 |    1874 |  51.4 |       4 |       3 |  42.9
     Lair:6 |   17300 |   11789 |  40.5 |      49 |      20 |  29.0
   Shoals:1 |     866 |       0 |   0.0 |       2 |       0 |   0.0
   Shoals:2 |     250 |       0 |   0.0 |       1 |       0 |   0.0
   Shoals:3 |    9819 |       0 |   0.0 |      19 |       0 |   0.0
   Shoals:4 |    6287 |   15530 |  71.2 |      13 |      23 |  63.9
    Snake:1 |    1419 |       0 |   0.0 |       3 |       0 |   0.0
    Snake:2 |    1522 |       0 |   0.0 |       3 |       0 |   0.0
    Snake:3 |    8451 |     636 |   7.0 |      15 |       2 |  11.8
    Snake:4 |   14123 |   30468 |  68.3 |      20 |      58 |  74.4
    Slime:1 |    6550 |       0 |   0.0 |       8 |       0 |   0.0
    Slime:3 |     534 |       0 |   0.0 |       2 |       0 |   0.0
    Slime:4 |    7654 |       0 |   0.0 |       6 |       0 |   0.0
    Slime:5 |    6255 |   29547 |  82.5 |       6 |      13 |  68.4
   Depths:1 |    7987 |   10740 |  57.4 |      18 |      13 |  41.9
   Depths:2 |   16297 |       0 |   0.0 |      21 |       0 |   0.0
   Depths:3 |   30556 |       0 |   0.0 |      47 |       0 |   0.0
   Depths:4 |   12475 |       0 |   0.0 |      13 |       0 |   0.0
   Depths:5 |   22881 |    1483 |   6.1 |      28 |       3 |   9.7
     Bailey |       0 |    1312 | 100.0 |       0 |      17 | 100.0
            +---------+---------+-------+---------+---------+-------
